 Dungeon Crawl Stone Soup version 0.29-a0-1008-g949cc1d0fb (webtiles) character file.

Game seed: 16626413186925411142

373 voltaire321 the Insei (level 6, -2/41 HPs)
             Began as an Octopode Transmuter on Aug 7, 2022.
             Slain by an orc wizard
             ... wielding a +0 dagger
              (4 damage)
             ... on level 4 of the Dungeon.
             The game lasted 00:10:42 (3047 turns).

voltaire321 the Insei (Octopode Transmuter)         Turns: 3047, Time: 00:10:43

Health: -2/41      AC:  1    Str:  9    XL:     6   Next: 71%
Magic:  10/10      EV: 14    Int: 16    God:
Gold:   198        SH:  0    Dex: 14    Spells: 1/11 levels left

rFire   . . .      SeeInvis .     - Unarmed
rCold   . . .      Faith    .   (no shield)
rNeg    + . .      Spirit   .   (helmet restricted)
rPois   .          Reflect  .   k - amulet of regeneration
rElec   .          Harm     .   m - ring of positive energy
rCorr   .          Rampage  .   (no ring)
Will    .....                   (no ring)
Stlth   ++........              (no ring)
HPRegen 0.93/turn               (no ring)
MPRegen 0.12/turn               (no ring)
                                (no ring)
                                (no ring)

@: no status effects
A: almost no armour, amphibious, 8 rings, camouflage 1, gelatinous body 1,
(nimble swimmer 1), tentacles
a: no special abilities


You were on level 4 of the Dungeon.
You visited 1 branch of the dungeon, and saw 4 of its levels.

You collected 198 gold pieces.

Inventory:

Missiles
 h - 9 poisoned darts
 s - 6 silver boomerangs
Jewellery
 k - an amulet of regeneration (around mantle)
 m - a ring of positive energy (left tentacle)
Wands
 r - a wand of mindburst (33)
Scrolls
 e - a scroll of summoning {unknown}
 f - 3 scrolls of fear
 g - a scroll of noise {unknown}
 i - a scroll of teleportation
 j - a scroll of brand weapon {unknown}
 o - a scroll of identify {unknown}
 q - a scroll of enchant armour {unknown}
 t - a scroll of poison {unknown}
Potions
 a - a potion of lignification
 b - a potion of degeneration {unknown}
 c - a potion of brilliance {unknown}
 d - 2 potions of heal wounds {unknown}
 l - 2 potions of might {unknown}
 n - a potion of haste {unknown}
 p - 3 potions of curing {unknown}


   Skills:
 + Level 2.7 Fighting
 + Level 3.3 Dodging
 + Level 4.1 Unarmed Combat
 + Level 3.1 Spellcasting
 + Level 3.3 Transmutations
 + Level 0.6 Air Magic
 + Level 2.4 Poison Magic


You had one spell level left.
You knew the following spells:

 Your Spells              Type           Power      Damage    Failure   Level
a - Beastly Appendage     Tmut           26%        N/A       4%          1
b - Wereblood             Tmut           13%        N/A       7%          2
c - Spider Form           Tmut/Pois      11%        N/A       17%         3
d - Airstrike             Air            2%         2d(1-17)  82%         4

Your spell library contained the following spells:

 Spells                   Type           Power      Damage    Failure   Level
 Summon Small Mammal      Summ           8%         N/A       19%         1
 Sublimation of Blood     Necr           2%         N/A       28%         2
 Call Canine Familiar     Summ           2%         N/A       50%         3
 Dazzling Flash           Conj/Hex       4%         N/A       50%         3
 Ozocubu's Armour         Ice            2%         N/A       50%         3
 Summon Guardian Golem    Hex/Summ       2%         N/A       50%         3
 Ice Form                 Ice/Tmut       7%         N/A       67%         4
 Summon Lightning Spire   Summ/Air       3%         N/A       85%         4
 Agony                    Necr           2%         N/A       99%         5
 Lightning Bolt           Conj/Air       1%         1d12      99%         5
 Metabolic Englaciation   Hex/Ice        1%         N/A       99%         5
 Silence                  Hex/Air        1%         N/A       99%         5
 Simulacrum               Ice/Necr       1%         N/A       100%        6
 Summon Hydra             Summ           1%         N/A       100%        7


Dungeon Overview and Level Annotations

Branches:
Dungeon (4/15)
 Temple: D:4-7

Altars:
Uskayaw

Shops:
D:1 (   D:2 [


Innate Abilities, Weirdness & Mutations

You cannot wear most types of armour.
You are amphibious.
You can wear up to eight rings at the same time.
Your skin changes colour to match your surroundings (Stealth+).
Your rubbery body absorbs attacks. (AC +1, EV +1)
((You are camouflaged when in or above water. (Stealth+)))
You have tentacles for arms and can constrict up to eight enemies at once.


Message History

The orc hits you with a +0 dagger. Something barely misses you.
The orc hits you with a +0 whip.
You closely miss the orc. Your grab misses the orc. The orc barely misses you.
Something hits you. The orc closely misses you.
You tentacle-slap the orc. You grab the orc.
The orc is heavily wounded.
You constrict the orc. The orc hits you with a +0 dagger.
* * * LOW HITPOINT WARNING * * *
Something hits you.
* * * LOW HITPOINT WARNING * * *
The orc barely misses you.
You tentacle-slap the orc but do no damage.
You pierce the orc.
You kill the orc!
You tentacle-slap the orc but do no damage.
Your grab misses the orc.
Your tentacle spike misses the orc.
Your tentacle spike disappears.
The orc misses you. Something hits you.
* * * LOW HITPOINT WARNING * * *
You tentacle-slap the orc but do no damage.
You grab the orc. You squeeze the orc.
The orc is severely wounded.
You constrict the orc, but do no damage.
The orc completely misses you.
You hear some strange, mumbled words.
A puff of flame appears from out of thin air!
The puff of flame hits you!
* * * LOW HITPOINT WARNING * * *
The orc closely misses you.
You closely miss the orc. You grab the orc.
You tentacle-slap the orc, but do no damage.
You squeeze the orc.
The orc is almost dead.
You constrict the orc, but do no damage.
You constrict the orc.
You kill the orc!
The orc hits you with a +0 dagger.
* * * LOW HITPOINT WARNING * * *
Something hits you.
You die...

# .. ... .... .....
......######
......))@.>#######
.......{o........#
.................####
.................'..#
.................##.#
######...........##.#
####################.#
#.........##########.#
#........(..(........#####


You could see an orc.

Vanquished Creatures
  A phantom (D:4)
  A kobold brigand (D:4)
  2 orc priests (D:3)
  An iguana (D:4)
  An orc wizard (D:4)
  4 adders
  A worm (D:2)
  A dart slug (D:1)
  15 orcs
  4 ball pythons
  5 bats
  5 endoplasms
  3 giant cockroaches
  7 goblins
  6 hobgoblins
  4 jackals (D:3)
  2 frilled lizards
  5 kobolds
  A rat (D:1)
69 creatures vanquished.

Notes
Turn   | Place    | Note
-------+----------+-------------------------------------------
     0 | D:1      | voltaire321 the Octopode Transmuter began the quest for the
                  | Orb.
     0 | D:1      | Reached XP level 1. HP: 13/13 MP: 3/3
   147 | D:1      | Reached XP level 2. HP: 8/18 MP: 3/5
   386 | D:1      | Found a faded altar of an unknown god.
   530 | D:1      | Found Aruiceqo's Weapon Shoppe.
  1101 | D:2      | Learned a level 2 spell: Wereblood
  1119 | D:2      | Reached XP level 3. HP: 22/23 MP: 3/6
  1246 | D:2      | Learned a level 3 spell: Spider Form
  1278 | D:2      | Found Udunubb's Antique Armour Emporium.
  1807 | D:3      | Found a hide-covered altar of Uskayaw.
  1815 | D:3      | Reached XP level 4. HP: 29/29 MP: 3/7
  1937 | D:3      | Reached skill level 1 in Poison Magic
  2186 | D:3      | Reached XP level 5. HP: 30/34 MP: 7/9
  2670 | D:4      | Noticed a phantom
  2705 | D:4      | Killed a phantom
  2706 | D:4      | Reached XP level 6. HP: 19/41 MP: 8/10
  2778 | D:4      | Learned a level 4 spell: Airstrike
  2809 | D:4      | Reached skill level 4 in Unarmed Combat
  3046 | D:4      | HP: 2/41 [something/puff of flame (7)]
  3047 | D:4      | Slain by an orc wizard

Illustrated notes

Levels and vault maps discovered:
D:1:      lemuel_arrival_cross, layout_basic, ebering_ecumenical_altar_webs,
          serial_shops, shop, minmay_tree_intersection, amethyst_killhole
D:2:      layout_loops_cross, serial_shops, nicolae_shop_trees, minmay_vboxes
D:3:      layout_rooms, mainiacjoe_overflow_24_doors
D:4:      layout_basic, minmay_splitting_lines

Skill      XL: |  1  2  3  4  5  6 |
---------------+-------------------+-----
Fighting       | 2 |  2.7
Poison Magic   | 1 2 |  2.4
Dodging        | 3 |  3.3
Transmutations | 3 |  3.3
Unarmed Combat | 4 |  4.1
Spellcasting   | 3 |  3.1
Air Magic      | |  0.6

Action                   |  1- 3 |  4- 6 || total
-------------------------+-------+-------++-------
Melee: Unarmed           |    63 |   119 ||   182
       Kick              |    31 |    41 ||    72
       Constrict         |    18 |    24 ||    42
       Tentacles         |    14 |    23 ||    37
       Punch             |     1 |     6 ||     7
 Cast: Beastly Appendage |    23 |    23 ||    46
  Use: Scroll            |       |     4 ||     4
 Stab: Sleeping          |     4 |     6 ||    10
Armor: Skin              |     5 |     3 ||     8
Dodge: Dodged            |    33 |    77 ||   110

Table legend: (Time is in decaauts)
 A = Elapsed time spent in this place.
 B = Non-inter-level travel time spent in this place.
 C = Inter-level travel time spent in this place.
 D = Time resting spent in this place.
 E = Time spent auto-exploring this place.
 F = Levels seen in this place.
 G = Mean time per level.
                   A        B        C        D        E       F      G
               +--------+--------+--------+--------+--------+-----+--------+
         Total |   3037 |   2892 |    145 |    510 |   1520 |   4 |  759.2 |
       Dungeon |   3037 |   2892 |    145 |    510 |   1520 |   4 |  759.2 |
               +--------+--------+--------+--------+--------+-----+--------+

Top non-repeatable levels by time:
     D:1: 993 daAuts
     D:2: 875 daAuts
     D:3: 751 daAuts
     D:4: 417 daAuts
